Dernière mise à jour: 2025-12-07 16:11:59
% Time on Ice - CALGARY FIREMEN
Lines # - Real PCT - Wanted PCT - Time Play
Normal Forward
1 - 32% - 34% - 17:06
2 - 31% - 32% - 16:26
3 - 23% - 25% - 12:04
4 - 14% - 9% - 7:24
Normal Defense
1 - 33% - 34% - 17:15
2 - 34% - 32% - 18:08
3 - 26% - 25% - 13:58
4 - 7% - 9% - 3:39
PP Forward
1 - 63% - 55% - 2:43
2 - 37% - 45% - 1:34
PP Defense
1 - 63% - 55% - 2:43
2 - 37% - 45% - 1:34
PK Forward
1 - 55% - 55% - 1:06
2 - 45% - 45% - 0:53
PK Defense
1 - 63% - 55% - 1:15
2 - 37% - 45% - 0:44
PK3 Forward
1 - 0% - 55%
2 - 0% - 45%
PK3 Defense
1 - 0% - 55%
2 - 0% - 45%
44 Forward
1 - 0% - 55%
2 - 0% - 45%
44 Defense
1 - 0% - 55%
2 - 0% - 45%
Last Minute Offensive  - 0:44
Last Minute Defensive  - 0:00
Total
Forward - 60:00
Defense - 60:00
% Time on Ice - NORTH DAKOTA HAWKS
Lines # - Real PCT - Wanted PCT - Time Play
Normal Forward
1 - 33% - 34% - 17:21
2 - 32% - 33% - 17:07
3 - 20% - 20% - 10:46
4 - 14% - 13% - 7:30
Normal Defense
1 - 35% - 40% - 18:21
2 - 31% - 37% - 16:15
3 - 27% - 12% - 14:06
4 - 8% - 11% - 4:02
PP Forward
1 - 48% - 65% - 0:57
2 - 52% - 35% - 1:02
PP Defense
1 - 100% - 65% - 1:59
2 - 0% - 35% - 0:00
PK Forward
1 - 77% - 55% - 3:19
2 - 23% - 45% - 0:58
PK Defense
1 - 63% - 55% - 2:41
2 - 37% - 45% - 1:36
PK3 Forward
1 - 0% - 55%
2 - 0% - 45%
PK3 Defense
1 - 0% - 55%
2 - 0% - 45%
44 Forward
1 - 0% - 55%
2 - 0% - 45%
44 Defense
1 - 0% - 55%
2 - 0% - 45%
Last Minute Offensive  - 0:00
Last Minute Defensive  - 1:00
Total
Forward - 60:00
Defense - 60:00
Play-by-Play 1st period 0:01 of 1st period - Andrew Copp wins face-off versus Jack Hughes in neutral zone. 0:06 of 1st period - Shot by Filip Forsberg. 0:06 of 1st period - Shot Misses the Net. 0:12 of 1st period - Shot by Andrew Copp. 0:12 of 1st period - Stopped by Linus Ullmark without a rebound. 0:13 of 1st period - Nick Suzuki wins face-off versus Jack Drury in NORTH DAKOTA HAWKS zone. 0:31 of 1st period - Minor Penalty to Jacob Bernard-Docker for Cross-checking. 0:32 of 1st period - Nico Sturm wins face-off versus Andrew Copp in NORTH DAKOTA HAWKS zone. 0:48 of 1st period - Shot by Fabian Zetterlund. 0:48 of 1st period - Shot Blocked by Ryan Lindgren. 0:50 of 1st period - Shot by Filip Forsberg. 0:50 of 1st period - Goal by Filip Forsberg - CALGARY FIREMEN : 1 - NORTH DAKOTA HAWKS : 0. 0:51 of 1st period - Ryan Johansen wins face-off versus Frederick Gaudreau in neutral zone. 1:14 of 1st period - Shot by Michael McCarron. 1:14 of 1st period - Stopped by Linus Ullmark without a rebound. 1:15 of 1st period - Andrew Copp wins face-off versus Nico Sturm in NORTH DAKOTA HAWKS zone. 1:53 of 1st period - Filip Forsberg is hit by Jonas Siegenthaler and loses puck. 2:20 of 1st period - Shot by Jack Hughes. 2:20 of 1st period - Shot Misses the Net. 2:22 of 1st period - Shot by Jason Robertson. 2:22 of 1st period - Stopped by Marc-Andre Fleury without a rebound. 2:23 of 1st period - Jack Drury wins face-off versus Nick Suzuki in CALGARY FIREMEN zone. 2:58 of 1st period - Shot by Calle Jarnkrok. 2:58 of 1st period - Shot Misses the Net. 3:00 of 1st period - Shot by Martin Fehervary. 3:00 of 1st period - Stopped by Linus Ullmark without a rebound. 3:01 of 1st period - Jack Hughes wins face-off versus Ryan Johansen in NORTH DAKOTA HAWKS zone. 4:13 of 1st period - Shot by Jake DeBrusk. 4:13 of 1st period - Stopped by Marc-Andre Fleury without a rebound. 4:14 of 1st period - Jack Drury wins face-off versus Frederick Gaudreau in CALGARY FIREMEN zone. 4:14 of 1st period - Jack Drury is hit by Garnet Hathaway. 4:33 of 1st period - Icing by Ryan Hartman. 4:34 of 1st period - Frederick Gaudreau wins face-off versus Andrew Copp in NORTH DAKOTA HAWKS zone. 4:54 of 1st period - Shot by Mason Marchment. 4:54 of 1st period - Stopped by Linus Ullmark with a rebound. 5:11 of 1st period - Jake McCabe is hit by Garnet Hathaway. 5:32 of 1st period - Off-side. 5:33 of 1st period - Nico Sturm wins face-off versus Jack Drury in neutral zone. 5:52 of 1st period - Shot by Fabian Zetterlund. 5:52 of 1st period - Shot Misses the Net. 5:54 of 1st period - Shot by Calle Jarnkrok. 5:54 of 1st period - Shot Blocked by Jonas Siegenthaler. 6:43 of 1st period - Off-side. 6:44 of 1st period - Brett Howden wins face-off versus Jack Hughes in neutral zone. 7:01 of 1st period - Shot by Cody Glass. 7:01 of 1st period - Shot Blocked by Jacob Bernard-Docker. 7:03 of 1st period - Shot by Rasmus Sandin. 7:03 of 1st period - Shot Blocked by Jacob Bernard-Docker. 7:05 of 1st period - Shot by Brett Howden. 7:05 of 1st period - Shot Misses the Net. 7:07 of 1st period - Shot by Jake McCabe. 7:07 of 1st period - Shot Blocked by Jacob Bernard-Docker. 7:58 of 1st period - Shot by Andrew Copp. 7:58 of 1st period - Shot Blocked by Nick Suzuki. 8:00 of 1st period - Shot by Ryan Graves. 8:00 of 1st period - Shot Blocked by Oliver Kylington. 8:50 of 1st period - Shot by Michael McCarron. 8:50 of 1st period - Stopped by Linus Ullmark without a rebound. 8:51 of 1st period - Nico Sturm wins face-off versus Calle Jarnkrok in NORTH DAKOTA HAWKS zone. 9:04 of 1st period - Shot by Justin Danforth. 9:04 of 1st period - Goal by Justin Danforth - CALGARY FIREMEN : 1 - NORTH DAKOTA HAWKS : 1. 9:05 of 1st period - Frederick Gaudreau wins face-off versus Brett Howden in neutral zone. 9:08 of 1st period - Shot by Garnet Hathaway. 9:08 of 1st period - Stopped by Marc-Andre Fleury with a rebound. 9:14 of 1st period - Shot by Ryan Hartman. 9:14 of 1st period - Stopped by Marc-Andre Fleury without a rebound. 9:15 of 1st period - Jack Drury wins face-off versus Jack Hughes in CALGARY FIREMEN zone. 9:50 of 1st period - Fabian Zetterlund is hit by Cale Makar and loses puck. 10:41 of 1st period - Shot by Rasmus Sandin. 10:41 of 1st period - Shot Blocked by Beck Malenstyn. 10:43 of 1st period - Shot by Mason Marchment. 10:43 of 1st period - Stopped by Linus Ullmark without a rebound. 10:44 of 1st period - Ryan Johansen wins face-off versus Nick Suzuki in NORTH DAKOTA HAWKS zone. 11:21 of 1st period - Nick Suzuki is hit by Michael McCarron and loses puck. 12:31 of 1st period - Cale Makar is hit by Filip Forsberg and loses puck. 12:52 of 1st period - Shot by Fabian Zetterlund. 12:52 of 1st period - Shot Misses the Net. 12:54 of 1st period - Shot by Martin Fehervary. 12:54 of 1st period - Shot Misses the Net. 12:56 of 1st period - Shot by Martin Fehervary. 12:56 of 1st period - Deflect By Fabian Zetterlund. 12:56 of 1st period - Shot Misses the Net. 13:10 of 1st period - Shot by Fabian Zetterlund. 13:10 of 1st period - Stopped by Linus Ullmark without a rebound. 13:11 of 1st period - Brett Howden wins face-off versus Nico Sturm in NORTH DAKOTA HAWKS zone. 13:21 of 1st period - Off-side. 13:22 of 1st period - Nick Suzuki wins face-off versus Ryan Johansen in neutral zone. 13:45 of 1st period - Jacob Bernard-Docker is hit by Michael McCarron and loses puck. 13:58 of 1st period - Shot by Michael McCarron. 13:58 of 1st period - Shot Misses the Net. 14:21 of 1st period - Shot by Fabian Zetterlund. 14:21 of 1st period - Shot Hit the Post. 14:23 of 1st period - Shot by Fabian Zetterlund. 14:23 of 1st period - Stopped by Linus Ullmark with a rebound. 14:50 of 1st period - Shot by Calle Jarnkrok. 14:50 of 1st period - Goal by Calle Jarnkrok - CALGARY FIREMEN : 2 - NORTH DAKOTA HAWKS : 1. 14:51 of 1st period - Andrew Copp wins face-off versus Jack Hughes in neutral zone. 16:01 of 1st period - Beck Malenstyn is hit by Martin Fehervary and loses puck. 16:08 of 1st period - Shot by Nico Sturm. 16:08 of 1st period - Shot Misses the Net. 16:10 of 1st period - Shot by Nico Sturm. 16:10 of 1st period - Stopped by Marc-Andre Fleury with a rebound. 16:12 of 1st period - Shot by Ben Hutton. 16:12 of 1st period - Stopped by Marc-Andre Fleury without a rebound. 16:13 of 1st period - Jack Drury wins face-off versus Frederick Gaudreau in CALGARY FIREMEN zone. 16:40 of 1st period - Shot by Ryan Hartman. 16:40 of 1st period - Stopped by Marc-Andre Fleury without a rebound. 16:41 of 1st period - Nick Suzuki wins face-off versus Yakov Trenin in CALGARY FIREMEN zone. 16:42 of 1st period - Shot by Jake DeBrusk. 16:42 of 1st period - Goal by Jake DeBrusk - CALGARY FIREMEN : 2 - NORTH DAKOTA HAWKS : 2. 16:43 of 1st period - Jake DeBrusk wins face-off versus Ryan Johansen in neutral zone. 16:50 of 1st period - Shot by Jake DeBrusk. 16:50 of 1st period - Shot Misses the Net. 17:11 of 1st period - Icing by Oliver Kylington. 17:12 of 1st period - Nick Suzuki wins face-off versus Jack Drury in NORTH DAKOTA HAWKS zone. 17:52 of 1st period - Calle Jarnkrok is hit by Oliver Kylington and loses puck. 18:27 of 1st period - Shot by Filip Forsberg. 18:27 of 1st period - Stopped by Linus Ullmark without a rebound. 18:28 of 1st period - Jason Robertson wins face-off versus Yakov Trenin in NORTH DAKOTA HAWKS zone. 18:45 of 1st period - Cale Makar is hit by Darren Raddysh and loses puck. 18:53 of 1st period - Jack Hughes is hit by Ryan Graves and loses puck. 19:52 of 1st period - Shot by Justin Danforth. 19:52 of 1st period - Stopped by Marc-Andre Fleury with a rebound. Goals for this period are 2 for CALGARY FIREMEN vs 2 for NORTH DAKOTA HAWKS. Shots for this period are 11 for CALGARY FIREMEN vs 10 for NORTH DAKOTA HAWKS. 2nd period 0:01 of 2nd period - Jack Drury wins face-off versus Jack Hughes in neutral zone. 0:26 of 2nd period - Shot by Fabian Zetterlund. 0:26 of 2nd period - Stopped by Linus Ullmark without a rebound. 0:27 of 2nd period - Andrew Copp wins face-off versus Nico Sturm in NORTH DAKOTA HAWKS zone. 0:53 of 2nd period - Icing by Martin Fehervary. 0:54 of 2nd period - Andrew Copp wins face-off versus Jack Hughes in CALGARY FIREMEN zone. 1:53 of 2nd period - Shot by Jake McCabe. 1:53 of 2nd period - Shot Misses the Net. 2:09 of 2nd period - Shot by Michael McCarron. 2:09 of 2nd period - Deflect By Isac Lundestrom. 2:09 of 2nd period - Shot Misses the Net. 2:54 of 2nd period - Shot by Fabian Zetterlund. 2:54 of 2nd period - Shot Blocked by Jack Hughes. 3:33 of 2nd period - Shot by Cody Glass. 3:33 of 2nd period - Shot Misses the Net. 3:35 of 2nd period - Shot by Cody Glass. 3:35 of 2nd period - Stopped by Linus Ullmark with a rebound. 3:47 of 2nd period - Shot by Cody Glass. 3:47 of 2nd period - Shot Misses the Net. 4:24 of 2nd period - Shot by Jake DeBrusk. 4:24 of 2nd period - Stopped by Marc-Andre Fleury with a rebound. 4:41 of 2nd period - Shot by Nick Suzuki. 4:41 of 2nd period - Stopped by Marc-Andre Fleury without a rebound. 4:42 of 2nd period - Nico Sturm wins face-off versus Ryan Johansen in CALGARY FIREMEN zone. 4:46 of 2nd period - Beck Malenstyn is hit by Darren Raddysh. 4:57 of 2nd period - Nico Sturm is hit by Darren Raddysh and loses puck. 5:01 of 2nd period - Justin Danforth is hit by Darren Raddysh and loses puck. 5:02 of 2nd period - Minor Penalty to Darren Raddysh for Cross-checking. 5:03 of 2nd period - Nick Suzuki wins face-off versus Michael McCarron in CALGARY FIREMEN zone. 5:45 of 2nd period - Brett Howden is hit by Jake DeBrusk and loses puck. 6:18 of 2nd period - Shot by Beck Malenstyn. 6:18 of 2nd period - Shot Misses the Net. 7:05 of 2nd period - Ryan Hartman is hit by Jake McCabe and loses puck. 7:18 of 2nd period - Shot by Filip Forsberg. 7:18 of 2nd period - Stopped by Linus Ullmark with a rebound. 7:20 of 2nd period - Shot by Jake McCabe. 7:20 of 2nd period - Shot Misses the Net. 7:22 of 2nd period - Shot by Jake McCabe. 7:22 of 2nd period - Stopped by Linus Ullmark without a rebound. 7:23 of 2nd period - Jack Drury wins face-off versus Nick Suzuki in NORTH DAKOTA HAWKS zone. 7:32 of 2nd period - Shot by Calle Jarnkrok